AoeStats
← FR HectorDevis

Baltic

510518910Analyzed
3v3 RM · 11h ago on Oct 1, 2026· 51m 49s· 6 players
Game mode
Random Map
Map size
Normal (6 player)
Population
200
Speed
Normal
Resources
Standard
Victory
Conquest
Starting age
Dark Age
Ending age
Imperial Age
RankedLock teamsTeams togetherTeam positionsShared explorationLock speedFull tech treeHidden civsTurbo modeCheats
Victory
Defeat
🇫🇷 Mongols · France
1040
+12
🇭🇰 Danes · Hong Kong SAR China
1030
+12
🇹🇼 Varangians · Taiwan
997
+13
🇦🇺 Italians · Australia
986
-14
🇦🇺 Saracens · Australia
930
-12
🇦🇺 Byzantines · Australia
899
-11
coolkelvin
8:52 Loom
11:47 Feudal Age
12:32 Horse Collar
12:29 Man-at-Arms
12:55 Arson
13:01 Double-Bit Axe
13:51 Scale Mail Armor
17:14 Forging
22:50 Castle Age
21:42 Gold Mining
23:37 Squires
23:23 Gambesons
23:03 Long Swordsman
24:14 Chain Mail Armor
24:35 Iron Casting
29:28 Wheelbarrow
29:07 Bow Saw
30:25 Stone Mining
31:23 Heavy Plow
34:39 Town Watch
37:31 Hand Cart
41:44 Imperial Age
39:22 Hamask
42:56 Gold Shaft Mining
42:49 Conscription
41:53 Two-Handed Swordsman
41:54 Pikeman
44:09 Ballistics
44:50 Chemistry
43:41 Onager
45:01 Siege Engineers
45:59 Masonry
46:56 Theocracy
46:37 Block Printing
46:32 Fervor
48:48 Northmen's Fury
50:04 Hoardings
49:45 Murder Holes
49:36 Arrowslits
49:23 Capped Ram
50:57 Heavy Scorpion
FR HectorDevis
6:41 Loom
9:32 Feudal Age
10:13 Double-Bit Axe
10:12 Horse Collar
15:19 Bloodlines
15:51 Forging
21:25 Castle Age
25:37 Stone Mining
25:38 Gold Mining
25:49 Heavy Plow
26:02 Bow Saw
26:11 Husbandry
26:03 Fletching
26:49 Iron Casting
26:21 Scale Barding Armor
29:00 Stone Shaft Mining
31:41 Gold Shaft Mining
30:34 Crossbowman
37:04 Imperial Age
34:10 Pikeman
34:13 Light Cavalry
34:53 Bodkin Arrow
35:27 Ballistics
36:23 Murder Holes
36:52 Chain Barding Armor
38:25 Conscription
39:20 Chemistry
38:22 Bracer
43:50 Hussar
45:40 Thumb Ring
45:28 Cavalier
森永
8:01 Loom
11:21 Feudal Age
18:21 Castle Age
16:24 Double-Bit Axe
19:47 Bow Saw
19:23 Horse Collar
21:48 Squires
23:34 Scale Mail Armor
24:16 Gambesons
24:17 Arson
26:10 Wheelbarrow
25:39 Heavy Plow
25:40 Stone Mining
27:28 Forging
27:15 Gold Mining
29:24 Iron Casting
29:57 Hand Cart
30:32 Chain Mail Armor
36:14 Imperial Age
34:22 Ballistics
34:30 Fletching
34:40 Padded Archer Armor
38:34 Two-Man Saw
38:07 Crop Rotation
37:41 Town Watch
38:59 Blast Furnace
38:30 Plate Mail Armor
37:44 Capped Ram
38:15 Elite Varangian Guard
39:32 Bodkin Arrow
39:52 Elite Skirmisher
41:35 Chemistry
40:42 Bracer
40:58 Leather Archer Armor
41:45 Siege Ram
49:17 Ring Archer Armor
48:55 Scale Barding Armor
Jack
5:07 Loom
11:35 Feudal Age
12:44 Double-Bit Axe
12:44 Horse Collar
14:18 Wheelbarrow
16:09 Man-at-Arms
44:45 Castle Age
46:41 Bow Saw
46:34 Heavy Plow
46:47 Husbandry
49:54 Imperial Age
50:00 Fletching
Jay
0:31 Loom
11:18 Feudal Age
12:43 Wheelbarrow
11:59 Horse Collar
12:48 Double-Bit Axe
20:03 Castle Age
18:17 Gold Mining
18:20 Stone Mining
19:11 Fletching
21:02 Hand Cart
22:30 Medium Warships
23:26 Bow Saw
27:28 Heavy Plow
33:46 Imperial Age
31:24 Padded Archer Armor
31:20 Bodkin Arrow
31:37 Clinker Construction
31:38 Careening
31:49 Ballistics
32:46 Leather Archer Armor
32:42 Siphons
34:30 Forging
35:35 Chemistry
36:11 Dry Dock
36:12 Carvel Hull
36:21 Shipwright
36:22 Carvel Hull
35:59 Elite Cannon Galleon
37:20 Bracer
37:59 Elite Genoese Crossbowman
40:26 Ring Archer Armor
42:08 Murder Holes
43:26 Scale Mail Armor
43:37 Forging
PetForMeows
7:09 Loom
11:49 Feudal Age
12:35 Double-Bit Axe
17:22 Wheelbarrow
19:19 Fletching
19:31 Scale Mail Armor
25:04 Castle Age
23:17 Horse Collar
24:50 Forging
24:41 Padded Archer Armor
25:43 Bodkin Arrow
27:48 Thumb Ring
28:14 Bow Saw
27:45 Crossbowman
29:07 Elite Skirmisher
30:47 Heavy Plow
31:24 Leather Archer Armor
31:25 Chain Mail Armor
32:19 Ballistics
37:55 Fishing Lines
43:32 Imperial Age
42:55 Hand Cart
42:27 Town Watch
43:20 Town Patrol
43:45 Arbalester
44:30 Stone Mining
45:14 Conscription
44:24 Elite Mameluke
46:49 Two-Man Saw
47:11 Iron Casting
46:42 Scale Barding Armor
49:24 Blast Furnace
49:50 Chain Barding Armor
49:32 Bracer
51:42 Murder Holes
Connection lost

Rejoining the realm…

Still unreachable

The connection could not be restored.

Session expired

The server has moved on; the page needs a fresh start.